 Dungeon Crawl Stone Soup version 0.31.0-11-ge490571c62 (webtiles) character file.

Game seed: 64364601711623221

1600 qw the Skirmisher (level 8, -4/41 (46) HPs)
             Began as a Deep Elf Hunter on Feb 4, 2024.
             Was an Initiate of Okawaru.
             Shot with a sling bullet by Joseph (16 damage)
             ... on level 7 of the Dungeon.
             The game lasted 00:00:44 (5697 turns).

qw the Skirmisher (Deep Elf Hunter)                 Turns: 5697, Time: 00:00:44

HP:   -4/41 (46)    AC:  7    Str: 10    XL:     8   Next: 62%
MP:   10/10         EV: 12    Int: 15    God:    Okawaru [......]
Gold: 287           SH:  0    Dex: 18    Spells: 7/7 levels left

rFire   . . .        c - +3 shortbow (freeze)
rCold   . . .        (shield currently unavailable)
rNeg    . . .        j - +0 ring mail
rPois   .            a - +0 helmet
rElec   .            (no cloak)
rCorr   .            (no gloves)
SInv    +            b - +0 pair of boots
Will    .....        d - amulet of the acrobat
Stlth   +            h - ring of see invisible
HPRegen 0.26/turn    (no ring)
MPRegen 0.12/turn

%: acrobat
@: hasted, heavily drained, very quick
A: no striking features
a: Renounce Religion


You were on level 7 of the Dungeon.
You worshipped Okawaru.
Okawaru was noncommittal.
You visited 2 branches of the dungeon, and saw 8 of its levels.

You collected 287 gold pieces.


   Skills:
 - Level 3.0 Fighting
 + Level 13.7 Ranged Weapons
 - Level 1.0 Armour
 - Level 4.2 Dodging
 - Level 1.2 Stealth


You had 7 spell levels left.
You didn't know any spells.
Your spell library was empty.

Inventory:

Hand Weapons
 c - a +3 shortbow of freezing (weapon)
Armour
 a - a +0 helmet (worn)
 b - a +0 pair of boots (worn)
 j - a +0 ring mail (worn)
Jewellery
 d - an amulet of the acrobat (around neck)
 h - a ring of see invisible (left hand)
 k - an amulet of guardian spirit
Scrolls
 f - a scroll of teleportation
 g - a scroll of identify
Potions
 e - 2 potions of haste
 i - 2 potions of curing
 l - a potion of mutation
 m - a potion of heal wounds

Dungeon Overview and Level Annotations

Branches:
Dungeon (7/15)             Temple (1/1) D:7

Altars:
Ashenzari
Cheibriados
Fedhas
Kikubaaqudgha
Makhleb
Okawaru
Qazlal
Ru
Sif Muna
Trog
Uskayaw
Vehumet
Wu Jian
Zin
The Shining One
Lugonu

Annotations:
D:4 3 runed translucent doors, qw's ghost, amateur DEHu
D:7 Joseph


Message History

Enter note:
Enter note:
Enter note:
Enter note:
Enter note:
Enter note:
Enter note:
Enter note:
Enter note:
Enter note:
Enter note: You climb downwards.
There is a stone staircase leading up here.
Enter note:
Enter note:
Enter note:
Enter note:
Enter note:
Found a chain mail.
You open the door.
Joseph, a Mercenary comes into view.
He is wielding a +0 quarterstaff and wearing a +1 ring mail of willpower.
Joseph unwields a +0 quarterstaff.
Joseph wields a +3 sling of draining.
You sense an unholy aura.
Joseph shoots a sling bullet.
The sling bullet hits you!!
You feel drained.
5688 ||| FLEEEEING.
Joseph shoots a sling bullet.
The sling bullet barely misses you.
5689 ||| FLEEEEING.
You start resting.
Joseph is nearby!
5694 ||| DRINKING 3 potions of haste.
You feel yourself speed up.
Joseph shoots a sling bullet.
The sling bullet barely misses you.
You shoot an arrow. The arrow hits Joseph.
The arrow freezes Joseph.
Joseph is lightly wounded.
Joseph shoots a sling bullet.
The sling bullet hits you!
You feel drained.
You shoot an arrow. The arrow closely misses Joseph.
You shoot an arrow.
The arrow hits Joseph but does no damage.
Joseph is lightly wounded.
Joseph shoots a sling bullet.
The sling bullet hits you!
You die...

#....## #.....### ###
......#.# .@#
........# ..#
........##### ####..#
............# .....#
#....##+##### ....
#....##.....######@##
................@..[#
....................#
.......%............#
......<.............#
....................#
....................#
....................#
#####################


You could see Joseph.

Vanquished Creatures
  A steam dragon (D:6)
  2 water moccasins
  2 ice beasts
  2 bullfrogs
  3 scorpions
  A howler monkey (D:3)
  3 bombardier beetles
  4 hounds
  A jelly (D:6)
  An orc priest (D:4)
  2 iguanas
  Natasha (thrice) (D:2)
  A gnoll bouda (D:6)
  2 orc wizards (D:4)
  9 adders
  4 gnolls
  2 river rats (D:3)
  A white imp (D:6)
  5 ribbon worms
  3 dart slugs
  12 orcs
  10 endoplasms
  A giant cockroach (D:1)
  9 goblins
  7 hobgoblins
  3 jackals (D:1)
  2 quokkas
  7 ball pythons
  10 bats
  A frilled lizard (D:2)
  6 kobolds
  7 rats
127 creatures vanquished.

Notes
Turn   | Place    | Note
-------+----------+-------------------------------------------
     0 | D:1      | qw the Deep Elf Hunter began the quest for the Orb.
     0 | D:1      | Reached XP level 1. HP: 12/12 MP: 3/3
     0 | D:1      | 0 ||| qw: Version: 0.3-a-160-g6735b56
     0 | D:1      | 0 ||| qw: Game counter: 5803
     0 | D:1      | 0 ||| qw: Melee chars always use a shield: true
     0 | D:1      | 0 ||| qw: God list: Okawaru
     0 | D:1      | 0 ||| qw: Allow faded altars: false
     0 | D:1      | 0 ||| qw: Do Orc after clearing Dungeon:15 true
     0 | D:1      | 0 ||| qw: Do second Lair branch before Depths: true
     0 | D:1      | 0 ||| qw: Lair rune preference: random
     0 | D:1      | 0 ||| qw: Goals: Normal
     0 | D:1      | 0 ||| PLANNING D:1-11
    64 | D:1      | Reached skill level 6 in Ranged Weapons
    64 | D:1      | Reached XP level 2. HP: 16/16 MP: 4/4
   245 | D:1      | Found a faded altar of an unknown god.
   371 | D:1      | Reached XP level 3. HP: 20/20 MP: 5/5
   885 | D:1      | 885 ||| UPGRADING to amulet of the acrobat.
   890 | D:1      | 890 ||| UPGRADING to ring of see invisible.
   891 | D:1      | 891 ||| READING 2 scrolls labelled LIKIQOBBIO.
   891 | D:1      | 891 ||| IDENTIFYING golden potion
   892 | D:1      | 892 ||| READING scroll of identify.
   892 | D:1      | 892 ||| IDENTIFYING scroll labelled ORIOFR RYZOT
   893 | D:1      | 893 ||| DROPPING scroll of butterflies.
   894 | D:1      | 894 ||| DROPPING potion of brilliance.
   895 | D:1      | 895 ||| DROPPING scroll of vulnerability.
   922 | D:2      | Noticed Natasha
   929 | D:2      | 929 ||| STAIRDANCE
   947 | D:2      | Killed Natasha
   948 | D:2      | Reached skill level 7 in Ranged Weapons
  1028 | D:2      | Reached XP level 4. HP: 25/25 MP: 6/6
  1414 | D:2      | Noticed Natasha
  1423 | D:2      | Killed Natasha
  1424 | D:2      | Reached skill level 8 in Ranged Weapons
  1752 | D:2      | Noticed Natasha
  1757 | D:2      | Killed Natasha
  1758 | D:2      | Reached XP level 5. HP: 29/29 MP: 7/7
  2030 | D:2      | 2030 ||| READING 4 scrolls of identify.
  2030 | D:2      | 2030 ||| IDENTIFYING viscous amethyst potion
  2031 | D:2      | 2031 ||| READING 3 scrolls of identify.
  2031 | D:2      | 2031 ||| IDENTIFYING clear potion
  2032 | D:2      | 2032 ||| READING 2 scrolls of identify.
  2032 | D:2      | 2032 ||| IDENTIFYING bubbling dark potion
  2033 | D:2      | 2033 ||| READING scroll of identify.
  2033 | D:2      | 2033 ||| IDENTIFYING fizzy pink potion
  2034 | D:2      | 2034 ||| READING scroll labelled LOSADEUFR JUIH.
  2039 | D:2      | 2039 ||| READING scroll labelled ALASCH PYUMOVIH.
  2040 | D:2      | 2040 ||| READING scroll labelled UDWAIF LEOHE.
  2094 | D:2      | 2094 ||| DROPPING potion of invisibility.
  2095 | D:2      | 2095 ||| DROPPING potion of degeneration.
  2135 | D:3      | 2135 ||| PLANNING SEWER
  2285 | D:3      | Reached skill level 9 in Ranged Weapons
  2292 | D:3      | Found a glowing silver altar of Zin.
  2508 | D:3      | Reached skill level 3 in Dodging
  2512 | D:3      | Reached XP level 6. HP: 35/35 MP: 8/8
  2749 | D:3      | 2749 ||| RIP SEWER
  2750 | D:3      | 2750 ||| PLANNING D:1-11
  2975 | D:3      | 2975 ||| UPGRADING to +0 ring mail.
  2985 | D:3      | 2985 ||| DROPPING +0 leather armour.
  2986 | D:3      | 2986 ||| READING 2 scrolls of identify.
  2986 | D:3      | 2986 ||| IDENTIFYING sapphire potion
  2987 | D:3      | 2987 ||| READING scroll of identify.
  2987 | D:3      | 2987 ||| IDENTIFYING scroll labelled OCYZURGHYAR
  2988 | D:3      | 2988 ||| DROPPING scroll of revelation.
  2989 | D:3      | 2989 ||| DROPPING potion of attraction.
  3051 | D:4      | 3051 ||| STAIRDANCE
  3185 | D:4      | 3185 ||| STAIRDANCE
  3241 | D:4      | Reached skill level 10 in Ranged Weapons
  3335 | D:4      | Found a runed translucent gate.
  3335 | D:4      | Found a runed translucent gate.
  3335 | D:4      | Found a runed translucent gate.
  3336 | D:4      | Noticed qw's ghost (amateur DEHu)
  3353 | D:4      | 3353 ||| FLEEEEING.
  3354 | D:4      | 3354 ||| FLEEEEING.
  3355 | D:4      | 3355 ||| FLEEEEING.
  3356 | D:4      | 3356 ||| FLEEEEING.
  3357 | D:4      | 3357 ||| FLEEEEING.
  3358 | D:4      | 3358 ||| FLEEEEING.
  3359 | D:4      | 3359 ||| FLEEEEING.
  3360 | D:4      | 3360 ||| FLEEEEING.
  3361 | D:4      | 3361 ||| FLEEEEING.
  3362 | D:4      | 3362 ||| FLEEEEING.
  3363 | D:4      | 3363 ||| FLEEEEING.
  3364 | D:4      | 3364 ||| FLEEEEING.
  3365 | D:4      | 3365 ||| FLEEEEING.
  3366 | D:4      | 3366 ||| FLEEEEING.
  3367 | D:4      | 3367 ||| FLEEEEING.
  3368 | D:4      | 3368 ||| FLEEEEING.
  3369 | D:4      | 3369 ||| FLEEEEING.
  3370 | D:4      | 3370 ||| FLEEEEING.
  3371 | D:4      | 3371 ||| FLEEEEING.
  3372 | D:4      | 3372 ||| FLEEEEING.
  3373 | D:4      | 3373 ||| FLEEEEING.
  3374 | D:4      | 3374 ||| FLEEEEING.
  3375 | D:4      | 3375 ||| FLEEEEING.
  3376 | D:4      | 3376 ||| FLEEEEING.
  3378 | D:4      | 3378 ||| FLEEEEING.
  3379 | D:4      | 3379 ||| FLEEEEING.
  3380 | D:4      | 3380 ||| FLEEEEING.
  3381 | D:4      | 3381 ||| FLEEEEING.
  3382 | D:4      | 3382 ||| FLEEEEING.
  3383 | D:4      | 3383 ||| FLEEEEING.
  3384 | D:4      | 3384 ||| FLEEEEING.
  3385 | D:4      | 3385 ||| FLEEEEING.
  3386 | D:4      | 3386 ||| FLEEEEING.
  3387 | D:4      | 3387 ||| FLEEEEING.
  3388 | D:4      | 3388 ||| FLEEEEING.
  3389 | D:4      | 3389 ||| FLEEEEING.
  3390 | D:4      | 3390 ||| FLEEEEING.
  3391 | D:4      | 3391 ||| FLEEEEING.
  3392 | D:4      | 3392 ||| FLEEEEING.
  3393 | D:4      | 3393 ||| FLEEEEING.
  3394 | D:4      | 3394 ||| FLEEEEING.
  3395 | D:4      | 3395 ||| FLEEEEING.
  3396 | D:4      | 3396 ||| FLEEEEING.
  3397 | D:4      | 3397 ||| FLEEEEING.
  3398 | D:4      | 3398 ||| FLEEEEING.
  3399 | D:4      | 3399 ||| FLEEEEING.
  3400 | D:4      | 3400 ||| FLEEEEING.
  3401 | D:4      | 3401 ||| STAIRDANCE
  3413 | D:3      | 3413 ||| UPGRADING to +0 pair of boots.
  3418 | D:3      | 3418 ||| READING scroll labelled NIROPI ECHOMP.
  3418 | D:3      | Identified a scroll of acquirement
  3418 | D:3      | 3418 ||| ACQUIRING +3 shortbow of freezing
  3418 | D:3      | Acquired a +3 shortbow of freezing
  3420 | D:3      | 3420 ||| SWAPPING to +3 shortbow of freezing.
  3421 | D:3      | 3421 ||| DROPPING +0 shortbow.
  3464 | D:4      | 3464 ||| STAIRDANCE
  3724 | D:4      | Found a shimmering blue altar of Sif Muna.
  3735 | D:4      | Reached skill level 1 in Armour
  3737 | D:4      | Reached XP level 7. HP: 40/40 MP: 9/9
  3834 | D:4      | Found an ancient bone altar of Kikubaaqudgha.
  3866 | D:4      | Found a burning altar of Makhleb.
  3955 | D:4      | 3955 ||| READING scroll labelled QYNKAF PUGA.
  3956 | D:4      | 3956 ||| READING scroll labelled IFOMAC XUIVYASS.
  3958 | D:4      | 3958 ||| Stepping ~*~*~tactically~*~*~ (cloud).
  4037 | D:5      | Entered Level 5 of the Dungeon
  4109 | D:5      | Reached skill level 11 in Ranged Weapons
  4142 | D:5      | Identified the +7 battleaxe of Sik Ycic {freeze, *Rage
                  | rPois Int+5}
  4227 | D:5      | Reached skill level 12 in Ranged Weapons
  4368 | D:5      | Found a broken altar of Ashenzari.
  4476 | D:5      | Found a blossoming altar of Fedhas.
  4485 | D:5      | 4485 ||| UPGRADING to +0 helmet.
  4490 | D:5      | 4490 ||| DROPPING ring of magical power.
  4491 | D:5      | 4491 ||| DROPPING ring of wizardry.
  4492 | D:5      | 4492 ||| READING scroll of identify.
  4492 | D:5      | 4492 ||| IDENTIFYING lumpy puce potion
  4493 | D:5      | 4493 ||| READING scroll labelled OLIFOU LYCRIE.
  4494 | D:5      | 4494 ||| DRINKING 2 dark potions.
  4708 | D:6      | Found a bloodstained altar of Trog.
  4716 | D:6      | Reached skill level 3 in Fighting
  4716 | D:6      | Reached XP level 8. HP: 46/46 MP: 10/10
  5111 | D:6      | 5111 ||| Stepping ~*~*~tactically~*~*~ (cloud).
  5343 | D:6      | 5343 ||| READING scroll of identify.
  5343 | D:6      | 5343 ||| IDENTIFYING 3 lumpy clear potions
  5344 | D:6      | 5344 ||| DROPPING 3 potions of ambrosia.
  5391 | D:7      | 5391 ||| STAIRDANCE
  5397 | D:6      | Reached skill level 13 in Ranged Weapons
  5465 | D:7      | HP: 11/46 [poisoned by a water moccasin]
  5608 | D:7      | Found a staircase to the Ecumenical Temple.
  5609 | D:7      | 5609 ||| PLANNING TEMPLE
  5614 | Temple   | Entered the Ecumenical Temple
  5615 | Temple   | 5615 ||| PLANNING OKAWARU WORSHIP
  5627 | Temple   | Became a worshipper of Warmaster Okawaru
  5628 | Temple   | 5628 ||| PLANNING D:1-11
  5687 | D:7      | Noticed Joseph
  5688 | D:7      | 5688 ||| FLEEEEING.
  5689 | D:7      | 5689 ||| FLEEEEING.
  5694 | D:7      | 5694 ||| DRINKING 3 potions of haste.
  5697 | D:7      | Shot with a sling bullet by Joseph

Levels and vault maps discovered:
D:1:      dpeg_arrival_solitude, layout_basic,
          dreamdust_ecumenical_altar_angels_and_demons
D:2:      minmay_skewed_foursquare, layout_basic, serial_forest,
          infiniplex_forest_straight_3, infiniplex_forest_lined_room_,
          infiniplex_forest_clump_medium, infiniplex_forest_clump_curved,
          infiniplex_forest_end_2, infiniplex_forest_straight_2, minmay_3d_cube,
          uniq_natasha
D:3:      layout_basic, general_overflow_altar, lightli_sewer_entry_pipes
D:4:      layout_cave_pools, led_sif_book, mainiacjoe_overflow_two_lobes,
          gammafunk_ghost_nasty_kobolds
D:5:      layout_rooms, fedhas_altar_4, cheibrodos_ashenzari_chains
D:6:      layout_gridville, mainiacjoe_overflow_small_starburst
D:7:      layout_gridville, kennysheep_mini,
          minmay_temple_entry_enclosed_plants, st_stairs_13,
          dk_rats_in_the_wall, uniq_prince_ribbit1, uniq_joseph
Temple:   corrupted_temple

Skill      XL: |  1  2  3  4  5  6  7  8 |
---------------+-------------------------+-----
Ranged Weapons | 6 7 8 9 10 12 13 | 13.7
Dodging        | 3 4 |  4.2
Fighting       | 2 3 |  3.0
Armour         | 1 |  1.0
Stealth        | |  1.2

Action                     |  1- 3 |  4- 6 |  7- 9 || total
---------------------------+-------+-------+-------++-------
   Fire: Shortbow          |    92 |   240 |   148 ||   480
    Use: Scroll            |     2 |    10 |     5 ||    17
         Potion            |       |       |     2 ||     2
 Armour: Leather armour    |    15 |    25 |       ||    40
         Ring mail         |       |    21 |    35 ||    56
  Dodge: Dodged            |    15 |    35 |    40 ||    90

Table legend:
 A = Non-vault XP
 B = Vault XP
 C = Vault XP percentage of total XP
 D = Non-vault monster count
 E = Vault monster count
 F = Vault count percentage of total count
                 A         B        C        D         E       F
            +---------+---------+-------+---------+---------+-------
      Total |    2077 |     210 |   9.2 |     103 |      24 |  18.9
            +---------+---------+-------+---------+---------+-------
        D:1 |      52 |       0 |   0.0 |      25 |       0 |   0.0
        D:2 |      95 |      58 |  37.9 |       9 |      12 |  57.1
        D:3 |     285 |      81 |  22.1 |      24 |      10 |  29.4
        D:4 |     124 |      71 |  36.4 |      15 |       2 |  11.8
        D:5 |     615 |       0 |   0.0 |      14 |       0 |   0.0
        D:6 |     616 |       0 |   0.0 |      12 |       0 |   0.0
        D:7 |     290 |       0 |   0.0 |       4 |       0 |   0.0
            +---------+---------+-------+---------+---------+-------
